 Dungeon Sprint DCSS version 0.30-a0-311-gf115ab0292 (webtiles) character file.

Game seed: 12431911278070164779

4837 wilfster70 the Severer (level 10, -9/89 HPs)
             Began as a Demonspawn Fighter on Oct 25, 2022.
             Was a High Priest of Okawaru.
             Mangled by a nine-headed hydra (12 damage)
             ... in the Dungeon (Sprint IX: "|||||||||||||||||||||||||||||").
             The game lasted 00:03:31 (879 turns).

wilfster70 the Severer (Demonspawn Fighter)          Turns: 879, Time: 00:03:32

Health: -9/89      AC: 30    Str: 20    XL:     10   Next: 25%
Magic:  14/15      EV:  9    Int: 10    God:    Okawaru [*****.]
Gold:   0          SH: 10    Dex: 16    Spells: 9/9 levels left

rFire   . . .      SeeInvis .    b - +2 scimitar (elec)
rCold   . . .      Faith    .    c - +0 buckler
rNeg    . . .      Spirit   .    p - +2 plate armour
rPois   .          Reflect  .    (no helmet)
rElec   .          Harm     .    m - +2 cloak
rCorr   .          Rampage  .    o - +2 pair of gloves
Will    .....      NoTele   +    (no boots)
Stlth   ..........               (no amulet)
HPRegen 0.34/turn                n - +3 ring of dexterity
MPRegen 0.14/turn                q - +2 ring of protection

@: heroic
A: molten scales 1, condensation shield, demonic magic 2, weakness stinger 1
a: Renounce Religion, Heroism, Finesse


You were in the Dungeon.
You worshipped Okawaru.
Okawaru was extremely pleased with you.
You visited 1 branch

Inventory:

Hand Weapons
 a - a +3 vorpal war axe
 b - a +2 scimitar of electrocution (weapon)
Armour
 c - a +0 buckler (worn)
 m - a +2 cloak (worn)
 o - a +2 pair of gloves (worn)
 p - a +2 plate armour (worn)
Jewellery
 n - a +3 ring of dexterity (left hand)
 q - a +2 ring of protection (right hand)
Wands
 l - a wand of quicksilver (9)
Scrolls
 j - 3 scrolls of blinking
 k - 2 scrolls of amnesia
 r - a scroll of identify
Potions
 d - a potion of invisibility
 e - 9 potions of curing
 f - 3 potions of heal wounds
 g - a potion of haste
 h - 4 potions of magic
 i - a potion of brilliance


   Skills:
 + Level 12.2(17.2) Fighting
 * Level 15.3(20.3) Axes
 + Level 11.3(16.3) Armour
 - Level 4.0(9.0) Shields
 - Level 7.7 Invocations


You had 9 spell levels left.
You didn't know any spells.
Your spell library was empty.

Dungeon Overview and Level Annotations

Branches:
Dungeon (1/1)

Altars:
Cheibriados
Dithmenos
Fedhas
Gozag
Hepliaklqana
Kikubaaqudgha
Makhleb
Nemelex Xobeh
Okawaru
Qazlal
Ru
Sif Muna
Trog
Uskayaw
Vehumet
Wu Jian
Xom
Yredelemnul
Jiyva
Lugonu


Innate Abilities, Weirdness & Mutations

You are partially covered in molten scales. (AC +2)
A meltable shield of frost defends you. (SH +4)
Spells you cast may paralyse nearby enemies.
You have a small tail.


Message History

The nine-headed hydra barely misses you.
The nine-headed hydra bites you but does no damage.
You block the nine-headed hydra's attack.
The nine-headed hydra barely misses you.
The nine-headed hydra bites you!
The nine-headed hydra bites you but does no damage.
The nine-headed hydra bites you. x2
The nine-headed hydra bites you but does no damage.
The nine-headed hydra bites you.
* * * LOW HITPOINT WARNING * * *
The nine-headed hydra bites you but does no damage. x2
Aiming: Quicksilver Bolt
Press: ? - help, Shift-Dir - straight line, f - nine-headed hydra
Aim: a nine-headed hydra (lightly wounded, 90% to hit)
The bolt of dispelling energy hits the nine-headed hydra!!
The nine-headed hydra is moderately wounded.
The bolt of dispelling energy hits the yak!
The yak is moderately wounded.
The bolt of dispelling energy hits the black mamba!
The black mamba is moderately wounded.
The bolt of dispelling energy hits the blink frog!
The blink frog is heavily wounded.
The bolt of dispelling energy hits the water moccasin!
The water moccasin is moderately wounded.
The bolt of dispelling energy hits the water moccasin!
The water moccasin is severely wounded.
The bolt of dispelling energy hits the polar bear!
The polar bear is heavily wounded.
You hear a loud, deep croak!
The nine-headed hydra bites you but does no damage.
The nine-headed hydra bites you!
* * * LOW HITPOINT WARNING * * *
The nine-headed hydra bites you but does no damage. x2
The nine-headed hydra bites you!
* * * LOW HITPOINT WARNING * * *
The nine-headed hydra barely misses you.
The nine-headed hydra bites you but does no damage.
The nine-headed hydra closely misses you.
The nine-headed hydra bites you!
You die...

▓[▓.▓_▓
▓.▓.▓_▓
▓.▓.▓_▓
▓.▓.▓_▓
▓.▓.▓_▓
▓.▓.▓_▓
▓.▓.▓_▓
▓.▓.▓_▓
▓@▓.▓_▓
▓D▓.▓_▓
▓Y▓.▓_▓
▓S▓.▓_▓
▓F▓.▓_▓
▓S▓.▓_▓
▓S▓.▓_▓
▓h▓.▓_▓
▓.▓_▓


You could see a nine-headed hydra, a polar bear, a black mamba, a yak, a blink
frog and 2 water moccasins.

Vanquished Creatures
  A centaur warrior (D)
  A two-headed ogre (D)
  A deep elf pyromancer (D)
  3 cane toads (D)
  3 komodo dragons (D)
  A polar bear (D)
  A blink frog (D)
  3 wraiths (D)
  A yak (D)
  A vampire mosquito (D)
  A water moccasin (D)
  An ice beast (D)
  A bullfrog (D)
  A gnoll sergeant (D)
  A scorpion (D)
  A wight (D)
  A howler monkey (D)
  2 jellies (D)
  A worm (D)
  An endoplasm (D)
  A goblin (D)
  A hobgoblin (D)
  A quokka (D)
  A ball python (D)
31 creatures vanquished.

Notes
Turn   | Place    | Note
-------+----------+-------------------------------------------
     0 | D        | wilfster70 the Demonspawn Fighter began the quest for the
                  | Orb.
     0 | D        | Reached XP level 1. HP: 18/18 MP: 1/1
     5 | D        | Reached skill level 2 in Axes
    28 | D        | Noticed a scorpion
    28 | D        | Noticed an ice beast
    28 | D        | Noticed a jelly
    28 | D        | Noticed a jelly
    33 | D        | Gained mutation: You have a small tail. [demonic ancestry]
    33 | D        | Reached XP level 2. HP: 9/24 MP: 2/2
    38 | D        | Killed a scorpion
    39 | D        | Reached skill level 4 in Axes
    39 | D        | Gained mutation: Spells you cast may paralyse adjacent
                  | enemies. [demonic ancestry]
    39 | D        | Reached XP level 3. HP: 20/31 MP: 3/3
    42 | D        | Killed an ice beast
    43 | D        | Reached skill level 5 in Fighting
    43 | D        | Reached skill level 6 in Axes
    43 | D        | Reached skill level 5 in Armour
    43 | D        | Gained mutation: Spells you cast may paralyse nearby
                  | enemies. [demonic ancestry]
    43 | D        | Reached XP level 4. HP: 27/40 MP: 4/4
    43 | D        | Reached XP level 5. HP: 31/46 MP: 5/5
    44 | D        | Reached skill level 7 in Axes
   100 | D        | Found a snail-covered altar of Cheibriados.
   100 | D        | Found a shadowy altar of Dithmenos.
   100 | D        | Found a blossoming altar of Fedhas.
   100 | D        | Found an opulent altar of Gozag.
   101 | D        | Found a hazy altar of Hepliaklqana.
   102 | D        | Found a viscous altar of Jiyva.
   103 | D        | Found an ancient bone altar of Kikubaaqudgha.
   104 | D        | Found a corrupted altar of Lugonu.
   105 | D        | Found a burning altar of Makhleb.
   106 | D        | Found a sparkling altar of Nemelex Xobeh.
   107 | D        | Found an iron altar of Okawaru.
   108 | D        | Found a stormy altar of Qazlal.
   109 | D        | Found a sacrificial altar of Ru.
   110 | D        | Found a shimmering blue altar of Sif Muna.
   111 | D        | Found a bloodstained altar of Trog.
   112 | D        | Found a hide-covered altar of Uskayaw.
   113 | D        | Found a radiant altar of Vehumet.
   114 | D        | Found an ornate altar of the Wu Jian Council.
   115 | D        | Became a worshipper of Warmaster Okawaru
   116 | D        | Found a shimmering altar of Xom.
   117 | D        | Found a basalt altar of Yredelemnul.
   173 | D        | Noticed a komodo dragon
   173 | D        | Noticed a two-headed ogre
   173 | D        | Noticed a wraith
   173 | D        | Noticed a wraith
   173 | D        | Noticed a komodo dragon
   177 | D        | Killed a komodo dragon
   178 | D        | Reached skill level 9 in Axes
   178 | D        | Gained mutation: A meltable shield of frost defends you.
                  | (SH +4) [demonic ancestry]
   178 | D        | Reached XP level 6. HP: 55/55 MP: 5/9
   180 | D        | Killed a two-headed ogre
   180 | D        | Reached * piety under Okawaru
   180 | D        | Reached ** piety under Okawaru
   181 | D        | Reached skill level 10 in Axes
   181 | D        | Reached XP level 7. HP: 57/63 MP: 5/12
   181 | D        | Gained mutation: You are partially covered in molten
                  | scales. (AC +2) [demonic ancestry]
   181 | D        | Reached XP level 8. HP: 62/69 MP: 5/13
   184 | D        | Reached skill level 11 in Axes
   191 | D        | Reached *** piety under Okawaru
   198 | D        | Killed a komodo dragon
   199 | D        | Reached skill level 12 in Axes
   311 | D        | Noticed a deep elf pyromancer
   311 | D        | Noticed a centaur warrior
   326 | D        | Killed a deep elf pyromancer
   327 | D        | Reached skill level 10 in Fighting
   327 | D        | Reached XP level 9. HP: 63/79 MP: 12/14
   335 | D        | Reached **** piety under Okawaru
   336 | D        | Reached skill level 13 in Axes
   346 | D        | Killed a centaur warrior
   347 | D        | Reached skill level 10 in Armour
   640 | D        | Noticed a komodo dragon
   640 | D        | Noticed a cane toad
   640 | D        | Noticed a cane toad
   640 | D        | Noticed a cane toad
   648 | D        | Killed a komodo dragon
   649 | D        | Reached skill level 14 in Axes
   651 | D        | Noticed a polar bear
   656 | D        | Killed a cane toad
   660 | D        | Killed a cane toad
   660 | D        | Reached ***** piety under Okawaru
   665 | D        | Killed a cane toad
   666 | D        | Reached XP level 10. HP: 47/89 MP: 13/15
   674 | D        | Reached skill level 15 in Axes
   686 | D        | Identified the +1 robe "Muiphy" {rElec Regen+ Int+4}
                  | (Okawaru gifted it to you in the Dungeon)
   686 | D        | Received a gift from Okawaru
   874 | D        | Noticed a seven-headed hydra
   874 | D        | Noticed a black mamba
   879 | D        | HP: 3/89 [nine-headed hydra (11)]
   879 | D        | Mangled by a nine-headed hydra

Illustrated notes

Levels and vault maps discovered:
D:        linesprint [early_d, line_temple, items_1, d_10, items_2, lair_1,
          lair_end, items_3, orc_1, orc_end, items_4, d_15, swamp_1, shoals_1,
          snake_1, spider_1, d_20, vaults_1, items_5, swamp_end, shoals_end,
          snake_end, spider_end, vaults_end, d_27, items_6, zot_1, zot_end,
          crypt_end, forest_end, elf_end, slime_end, tomb_end, abyss_end,
          pan_hell_end]

Skill      XL: |  1  2  3  4  5  6  7  8  9 10 |
---------------+-------------------------------+-----
Axes           | 2 4 6 9 10 12 14 15 | 15.3
Shields        | 3 4 |  4.0
Armour         | 3 4 5 6 7 9 11 | 11.3
Fighting       | 4 5 7 8 10 11 12 | 12.2
Invocations    | 4 7 |  7.7

Action                   |  1- 3 |  4- 6 |  7- 9 | 10-12 || total
-------------------------+-------+-------+-------+-------++-------
Melee: War axe           |    26 |     8 |    73 |    14 ||   121
       Tailslap          |     1 |     1 |    12 |     3 ||    17
       Scimitar          |       |       |       |     2 ||     2
Invok: Heroism           |       |       |     2 |     1 ||     3
Evoke: Wand              |       |       |       |     1 ||     1
  Use: Potion            |     2 |     1 |     1 |       ||     4
       Scroll            |       |       |     6 |       ||     6
Armor: Scale mail        |    15 |       |       |       ||    15
       Plate armour      |       |     1 |    28 |    18 ||    47
Dodge: Dodged            |     5 |     1 |    10 |    11 ||    27
Block: Buckler           |     7 |       |    28 |    10 ||    45

Table legend: (Time is in decaauts)
 A = Elapsed time spent in this place.
 B = Non-inter-level travel time spent in this place.
 C = Inter-level travel time spent in this place.
 D = Time resting spent in this place.
 E = Time spent auto-exploring this place.
 F = Levels seen in this place.
 G = Mean time per level.
                   A        B        C        D        E       F      G
               +--------+--------+--------+--------+--------+-----+--------+
         Total |    883 |    883 |      0 |    523 |     77 |   1 |  883.0 |
       Dungeon |    883 |    883 |      0 |    523 |     77 |   1 |  883.0 |
               +--------+--------+--------+--------+--------+-----+--------+

Top non-repeatable levels by time:
       D: 883 daAuts
